[ AOE2 MATCH · #507664297 ]
UnrankedVietnamese vs Poles
Player's team · WIN
Rival team · LOSS
[ REPLAY ANALYSIS · EXTRACTED FROM THE RECORDED GAME ]
Feudal
10:08
Castle
25:58
Imperial
—
| APM avg | 41.9 |
| APM peak | 94 |
| eAPM avg | 26.6 |
| Villagers / military | 141 / 301 |
Focus
⚔️ 38.1% · 🌾 61.9%
Battle Elephant ×184 · Scout Cavalry ×41 · Archer ×38 · Knight ×11 · Skirmisher ×9 · Rattan Archer ×9
Feudal
8:55
Castle
21:50
Imperial
41:15
| APM avg | 52.4 |
| APM peak | 103 |
| eAPM avg | 31.0 |
| Villagers / military | 156 / 188 |
Focus
⚔️ 31.4% · 🌾 68.6%
Knight ×78 · Scout Cavalry ×51 · Obuch ×31 · Archer ×11 · Spearman ×9 · Mangonel ×4
Match map
Initial resources + every placement click. Lines = walls · curves = elevation contours. ◆ gold · ⬟ stone · ● berries · ✦ relic · ◌ wall gap
Your base· Open — 5t gap
[DDocs] Dr.Lehrstuhl's base· Open — unwalled flank
Smoothed initial terrain · ◌ = detected wall gap · hover for details
Inputs per minute
— [CL]iLoveWeed - - [DDocs] Dr.Lehrstuhl
Build order — [CL]iLoveWeed
First 150 of 564 actions detected
| 0:01 | Queue | Villager (Male) ×4 |
| 0:03 | Build | House |
| 0:06 | Build | House |
| 1:35 | Queue | Villager (Male) |
| 1:35 | Queue | Villager (Male) |
| 2:18 | Research | Loom |
| 2:21 | Build | House |
| 2:33 | Build | House |
| 2:52 | Queue | Villager (Male) |
| 3:01 | Queue | Villager (Male) |
| 3:01 | Queue | Villager (Male) |
| 3:22 | Queue | Villager (Male) |
| 3:23 | Queue | Villager (Male) |
| 3:58 | Build | Lumber Camp |
| 4:15 | Queue | Villager (Male) |
| 4:15 | Queue | Villager (Male) |
| 4:21 | Queue | Villager (Male) |
| 4:22 | Queue | Villager (Male) |
| 4:24 | Build | House |
| 4:39 | Queue | Villager (Male) |
| 5:10 | Build | Palisade Wall |
| 5:11 | Build | Palisade Wall |
| 5:36 | Build | Palisade Wall |
| 5:37 | Build | Palisade Wall |
| 6:12 | Build | Mill |
| 6:18 | Queue | Villager (Male) |
| 7:12 | Build | Palisade Wall |
| 7:13 | Build | Palisade Wall |
| 7:20 | Queue | Villager (Male) |
| 7:25 | Build | Palisade Wall |
| 7:28 | Build | Palisade Wall |
| 7:31 | Build | Palisade Wall |
| 7:32 | Build | Palisade Wall |
| 7:37 | Build | Palisade Wall |
| 7:39 | Build | Palisade Wall |
| 7:40 | Build | Palisade Wall |
| 7:58 | Research | Feudal Age |
| 8:39 | Build | House |
| 8:46 | Build | Barracks |
| 9:20 | Build | Palisade Wall |
| 9:23 | Build | Palisade Wall |
| 9:32 | Build | Palisade Wall |
| 9:34 | Build | Palisade Wall |
| 9:39 | Build | Palisade Wall |
| 9:54 | Queue | Villager (Male) |
| 9:55 | Queue | Villager (Male) |
| 10:08 | Age | Feudal Age |
| 10:20 | Build | Palisade Wall |
| 10:22 | Build | Palisade Wall |
| 10:30 | Build | Stable |
| 10:31 | Queue | Spearman |
| 10:37 | Research | Double-Bit Axe |
| 10:48 | Queue | Villager (Male) |
| 10:57 | Build | Mill |
| 11:00 | Build | Mill |
| 11:08 | Build | Palisade Wall |
| 11:10 | Build | Palisade Wall |
| 11:11 | Build | Palisade Wall |
| 11:12 | Build | Palisade Wall |
| 11:16 | Queue | Scout Cavalry |
| 11:16 | Queue | Scout Cavalry |
| 11:36 | Build | Watch Tower |
| 11:51 | Build | Farm |
| 11:58 | Build | Mining Camp |
| 12:07 | Queue | Villager (Male) |
| 12:07 | Queue | Villager (Male) |
| 12:09 | Build | Farm |
| 12:09 | Build | Farm |
| 12:09 | Build | Farm |
| 12:10 | Build | Farm |
| 12:10 | Build | Farm |
| 12:35 | Build | House |
| 12:44 | Build | Farm |
| 12:45 | Build | Farm |
| 12:47 | Build | Farm |
| 13:02 | Build | Mining Camp |
| 13:12 | Build | Palisade Wall |
| 13:12 | Build | Palisade Wall |
| 13:13 | Build | Palisade Wall |
| 13:13 | Build | Palisade Wall |
| 13:13 | Build | Palisade Wall |
| 13:13 | Build | Palisade Wall |
| 13:14 | Build | Palisade Wall |
| 13:14 | Build | Palisade Wall |
| 13:14 | Build | Palisade Wall |
| 13:14 | Build | Palisade Wall |
| 13:14 | Build | Palisade Wall |
| 13:15 | Build | Palisade Wall |
| 13:15 | Build | Palisade Wall |
| 13:15 | Build | Palisade Wall |
| 13:23 | Queue | Villager (Male) |
| 13:27 | Build | Farm |
| 13:39 | Queue | Villager (Male) |
| 14:05 | Build | Blacksmith |
| 14:11 | Queue | Scout Cavalry |
| 14:11 | Queue | Scout Cavalry |
| 14:21 | Build | Archery Range |
| 14:58 | Build | Watch Tower |
| 15:09 | Build | Watch Tower |
| 15:13 | Queue | Scout Cavalry |
| 15:22 | Build | House |
| 15:23 | Queue | Skirmisher |
| 15:26 | Queue | Villager (Male) |
| 15:26 | Queue | Scout Cavalry |
| 15:42 | Build | House |
| 15:42 | Build | House |
| 15:56 | Build | Farm |
| 15:57 | Queue | Skirmisher |
| 15:57 | Queue | Skirmisher |
| 16:00 | Research | Fletching |
| 16:23 | Build | Farm |
| 16:29 | Queue | Villager (Male) |
| 16:30 | Queue | Villager (Male) |
| 16:32 | Build | House |
| 16:35 | Build | Palisade Wall |
| 16:39 | Queue | Scout Cavalry |
| 16:49 | Build | Palisade Wall |
| 16:50 | Build | Palisade Wall |
| 16:57 | Build | House |
| 17:23 | Build | Mining Camp |
| 17:23 | Queue | Villager (Male) |
| 17:25 | Build | Farm |
| 17:27 | Queue | Villager (Male) |
| 17:27 | Queue | Villager (Male) |
| 17:43 | Queue | Skirmisher |
| 17:48 | Queue | Skirmisher |
| 18:14 | Build | Watch Tower |
| 18:21 | Queue | Villager (Male) ×2 |
| 18:23 | Build | Farm |
| 18:54 | Queue | Villager (Male) |
| 18:55 | Build | House |
| 18:56 | Build | House |
| 19:15 | Build | House |
| 19:16 | Build | House |
| 19:24 | Queue | Skirmisher |
| 19:24 | Queue | Skirmisher |
| 19:25 | Queue | Skirmisher |
| 19:28 | Build | Farm |
| 19:30 | Build | Outpost |
| 19:36 | Queue | Scout Cavalry |
| 19:59 | Build | Palisade Wall |
| 19:59 | Build | Palisade Wall |
| 19:59 | Build | Palisade Wall |
| 19:59 | Build | Palisade Wall |
| 19:59 | Build | Palisade Wall |
| 20:00 | Build | Palisade Wall |
| 20:14 | Build | Farm |
| 20:16 | Build | Farm |
| 20:16 | Queue | Villager (Male) |
| 20:17 | Queue | Villager (Male) |
Build order — [DDocs] Dr.Lehrstuhl
First 150 of 544 actions detected
| 0:01 | Queue | Villager (Male) |
| 0:01 | Queue | Villager (Male) |
| 0:01 | Queue | Villager (Male) |
| 0:02 | Build | House |
| 0:04 | Build | House |
| 0:09 | Queue | Villager (Male) |
| 1:23 | Queue | Villager (Male) |
| 1:54 | Build | Mill |
| 1:57 | Queue | Villager (Male) |
| 1:57 | Queue | Villager (Male) |
| 2:22 | Queue | Villager (Male) |
| 2:22 | Queue | Villager (Male) |
| 2:41 | Queue | Villager (Male) |
| 2:41 | Queue | Villager (Male) |
| 3:19 | Queue | Villager (Male) |
| 3:19 | Queue | Villager (Male) |
| 3:19 | Queue | Villager (Male) |
| 3:59 | Queue | Villager (Male) |
| 4:00 | Queue | Villager (Male) |
| 4:00 | Queue | Villager (Male) |
| 4:05 | Queue | Villager (Male) |
| 4:05 | Queue | Villager (Male) |
| 4:22 | Queue | Villager (Male) |
| 4:23 | Queue | Villager (Male) |
| 4:38 | Queue | Villager (Male) |
| 5:01 | Build | Lumber Camp |
| 5:04 | Queue | Villager (Male) |
| 5:50 | Research | Loom |
| 5:50 | Research | Loom |
| 6:45 | Research | Feudal Age |
| 6:45 | Research | Feudal Age |
| 7:09 | Build | Mining Camp |
| 8:07 | Queue | Villager (Male) |
| 8:55 | Age | Feudal Age |
| 9:11 | Build | Barracks |
| 9:23 | Build | House |
| 9:26 | Build | Farm |
| 9:29 | Queue | Villager (Male) |
| 9:43 | Build | Farm |
| 9:46 | Queue | Villager (Male) |
| 10:04 | Build | Farm |
| 10:17 | Queue | Villager (Male) |
| 10:38 | Build | Archery Range |
| 10:39 | Queue | Villager (Male) |
| 10:53 | Build | House |
| 10:54 | Queue | Villager (Male) |
| 11:04 | Build | House |
| 11:05 | Queue | Villager (Male) |
| 11:27 | Research | Double-Bit Axe |
| 11:27 | Research | Double-Bit Axe |
| 11:41 | Queue | Villager (Male) |
| 11:47 | Queue | Villager (Male) |
| 11:54 | Queue | Archer |
| 11:55 | Queue | Archer |
| 12:00 | Build | Farm |
| 12:01 | Build | Farm |
| 12:01 | Build | Farm |
| 12:02 | Queue | Villager (Male) |
| 12:07 | Build | Palisade Wall |
| 12:08 | Build | Palisade Wall |
| 12:08 | Build | Palisade Wall |
| 12:09 | Build | Palisade Wall |
| 12:10 | Build | Palisade Wall |
| 12:11 | Queue | Villager (Male) |
| 12:40 | Build | Palisade Wall |
| 12:46 | Queue | Spearman |
| 13:00 | Queue | Archer |
| 13:04 | Build | Farm |
| 13:06 | Queue | Villager (Male) |
| 13:15 | Build | Watch Tower |
| 13:19 | Queue | Archer |
| 13:24 | Build | Mill |
| 13:34 | Build | Watch Tower |
| 13:36 | Queue | Archer |
| 13:57 | Build | Farm |
| 13:57 | Build | Farm |
| 14:03 | Build | Mining Camp |
| 14:07 | Build | House |
| 14:07 | Queue | Villager (Male) |
| 14:30 | Research | Horse Collar |
| 14:32 | Queue | Archer |
| 14:47 | Queue | Archer |
| 15:05 | Build | House |
| 15:19 | Queue | Spearman |
| 15:28 | Build | Palisade Wall |
| 15:29 | Build | Palisade Wall |
| 15:31 | Build | Palisade Wall |
| 15:33 | Build | Palisade Wall |
| 15:35 | Build | Palisade Wall |
| 15:36 | Queue | Villager (Male) |
| 15:41 | Build | Mining Camp |
| 15:56 | Build | Farm |
| 16:01 | Build | House |
| 16:02 | Queue | Villager (Male) |
| 16:26 | Build | Mill |
| 16:27 | Build | Farm |
| 16:29 | Queue | Villager (Male) |
| 16:51 | Build | Lumber Camp |
| 16:56 | Build | Watch Tower |
| 17:33 | Queue | Villager (Male) |
| 17:36 | Build | Farm |
| 18:05 | Queue | Villager (Male) |
| 18:25 | Build | Blacksmith |
| 18:28 | Queue | Villager (Male) |
| 19:00 | Queue | Spearman |
| 19:04 | Queue | Spearman |
| 19:10 | Research | Castle Age |
| 19:10 | Research | Castle Age |
| 19:32 | Queue | Spearman |
| 19:42 | Queue | Archer |
| 20:00 | Queue | Militia |
| 20:28 | Research | Fletching |
| 21:05 | Build | Farm |
| 21:05 | Build | Farm |
| 21:39 | Build | House |
| 21:39 | Build | Palisade Wall |
| 21:45 | Build | House |
| 21:50 | Age | Castle Age |
| 21:56 | Queue | Villager (Male) |
| 22:33 | Build | Castle |
| 22:35 | Build | Farm |
| 22:36 | Build | Farm |
| 22:37 | Build | Farm |
| 22:49 | Queue | Archer |
| 22:49 | Queue | Archer |
| 23:07 | Build | Siege Workshop |
| 23:08 | Queue | Villager (Male) |
| 23:23 | Queue | Villager (Male) |
| 23:34 | Build | Palisade Gate |
| 23:39 | Build | Palisade Wall |
| 23:39 | Queue | Villager (Male) |
| 23:50 | Queue | Villager (Male) |
| 24:02 | Queue | Villager (Male) |
| 24:11 | Queue | Villager (Male) |
| 24:22 | Build | Farm |
| 24:23 | Build | Farm |
| 24:24 | Research | Heavy Plow |
| 24:24 | Research | Heavy Plow |
| 24:44 | Queue | Obuch |
| 24:45 | Queue | Obuch |
| 24:48 | Build | Farm |
| 25:02 | Queue | Villager (Male) |
| 25:10 | Queue | Obuch |
| 25:15 | Build | Farm |
| 25:16 | Queue | Villager (Male) |
| 25:29 | Queue | Mangonel |
| 25:42 | Queue | Obuch |
| 25:42 | Queue | Obuch |
| 25:50 | Build | Farm |
| 25:51 | Queue | Villager (Male) |
Match timeline
| 5:10 | [CL]iLoveWeed · wall_segment Palisade Wall x4 |
| 5:11 | [CL]iLoveWeed · wall_segment Palisade Wall x3 |
| 5:36 | [CL]iLoveWeed · wall_segment Palisade Wall x3 |
| 5:37 | [CL]iLoveWeed · wall_segment Palisade Wall x1 |
| 7:12 | [CL]iLoveWeed · wall_segment Palisade Wall x3 |
| 7:13 | [CL]iLoveWeed · wall_segment Palisade Wall x3 |
| 7:25 | [CL]iLoveWeed · wall_segment Palisade Wall x1 |
| 7:28 | [CL]iLoveWeed · wall_segment Palisade Wall x1 |
| 7:31 | [CL]iLoveWeed · wall_segment Palisade Wall x1 |
| 7:32 | [CL]iLoveWeed · wall_segment Palisade Wall x1 |
| 7:37 | [CL]iLoveWeed · wall_segment Palisade Wall x1 |
| 7:39 | [CL]iLoveWeed · wall_segment Palisade Wall x1 |
| 7:40 | [CL]iLoveWeed · wall_segment Palisade Wall x1 |
| 8:46 | [CL]iLoveWeed · first_building Barracks |
| 8:55 | [DDocs] Dr.Lehrstuhl · age_up feudal |
| 9:11 | [DDocs] Dr.Lehrstuhl · first_building Barracks |
| 9:20 | [CL]iLoveWeed · wall_segment Palisade Wall x2 |
| 9:23 | [CL]iLoveWeed · wall_segment Palisade Wall x1 |
| 9:32 | [CL]iLoveWeed · wall_segment Palisade Wall x2 |
| 9:34 | [CL]iLoveWeed · wall_segment Palisade Wall x2 |
| 9:39 | [CL]iLoveWeed · wall_segment Palisade Wall x1 |
| 10:08 | [CL]iLoveWeed · age_up feudal |
| 10:20 | [CL]iLoveWeed · wall_segment Palisade Wall x3 |
| 10:22 | [CL]iLoveWeed · wall_segment Palisade Wall x6 |
| 10:30 | [CL]iLoveWeed · first_building Stable |
| 10:38 | [DDocs] Dr.Lehrstuhl · first_building Archery Range |
| 11:08 | [CL]iLoveWeed · wall_segment Palisade Wall x3 |
| 11:10 | [CL]iLoveWeed · wall_segment Palisade Wall x2 |
| 11:11 | [CL]iLoveWeed · wall_segment Palisade Wall x3 |
| 11:12 | [CL]iLoveWeed · wall_segment Palisade Wall x4 |
| 12:07 | [DDocs] Dr.Lehrstuhl · wall_segment Palisade Wall x1 |
| 12:08 | [DDocs] Dr.Lehrstuhl · wall_segment Palisade Wall x1 |
| 12:08 | [DDocs] Dr.Lehrstuhl · wall_segment Palisade Wall x1 |
| 12:09 | [DDocs] Dr.Lehrstuhl · wall_segment Palisade Wall x1 |
| 12:10 | [DDocs] Dr.Lehrstuhl · wall_segment Palisade Wall x1 |
| 12:40 | [DDocs] Dr.Lehrstuhl · wall_segment Palisade Wall x1 |
| 13:12 | [CL]iLoveWeed · wall_segment Palisade Wall x3 |
| 13:12 | [CL]iLoveWeed · wall_segment Palisade Wall x2 |
| 13:13 | [CL]iLoveWeed · wall_segment Palisade Wall x2 |
| 13:13 | [CL]iLoveWeed · wall_segment Palisade Wall x2 |
| 13:13 | [CL]iLoveWeed · wall_segment Palisade Wall x1 |
| 13:13 | [CL]iLoveWeed · wall_segment Palisade Wall x1 |
| 13:14 | [CL]iLoveWeed · wall_segment Palisade Wall x2 |
| 13:14 | [CL]iLoveWeed · wall_segment Palisade Wall x1 |
| 13:14 | [CL]iLoveWeed · wall_segment Palisade Wall x1 |
| 13:14 | [CL]iLoveWeed · wall_segment Palisade Wall x2 |
| 13:14 | [CL]iLoveWeed · wall_segment Palisade Wall x1 |
| 13:15 | [CL]iLoveWeed · wall_segment Palisade Wall x1 |
| 13:15 | [CL]iLoveWeed · wall_segment Palisade Wall x2 |
| 13:15 | [CL]iLoveWeed · wall_segment Palisade Wall x1 |
| 14:21 | [CL]iLoveWeed · first_building Archery Range |
| 15:28 | [DDocs] Dr.Lehrstuhl · wall_segment Palisade Wall x1 |
| 15:29 | [DDocs] Dr.Lehrstuhl · wall_segment Palisade Wall x1 |
| 15:31 | [DDocs] Dr.Lehrstuhl · wall_segment Palisade Wall x1 |
| 15:33 | [DDocs] Dr.Lehrstuhl · wall_segment Palisade Wall x4 |
| 15:35 | [DDocs] Dr.Lehrstuhl · wall_segment Palisade Wall x6 |
| 16:35 | [CL]iLoveWeed · wall_segment Palisade Wall x17 |
| 16:49 | [CL]iLoveWeed · wall_segment Palisade Wall x2 |
| 16:50 | [CL]iLoveWeed · wall_segment Palisade Wall x1 |
| 19:59 | [CL]iLoveWeed · wall_segment Palisade Wall x1 |
| 19:59 | [CL]iLoveWeed · wall_segment Palisade Wall x2 |
| 19:59 | [CL]iLoveWeed · wall_segment Palisade Wall x2 |
| 19:59 | [CL]iLoveWeed · wall_segment Palisade Wall x1 |
| 19:59 | [CL]iLoveWeed · wall_segment Palisade Wall x2 |
| 20:00 | [CL]iLoveWeed · wall_segment Palisade Wall x1 |
| 21:39 | [DDocs] Dr.Lehrstuhl · wall_segment Palisade Wall x1 |
| 21:50 | [DDocs] Dr.Lehrstuhl · age_up castle |
| 22:33 | [DDocs] Dr.Lehrstuhl · first_building Castle |
| 23:07 | [DDocs] Dr.Lehrstuhl · first_building Siege Workshop |
| 23:28 | [CL]iLoveWeed · wall_segment Palisade Wall x12 |
| 23:29 | [CL]iLoveWeed · wall_segment Palisade Wall x1 |
| 23:39 | [DDocs] Dr.Lehrstuhl · wall_segment Palisade Wall x7 |
| 24:30 | [CL]iLoveWeed · wall_segment Palisade Wall x10 |
| 25:58 | [CL]iLoveWeed · age_up castle |
| 26:14 | [CL]iLoveWeed · first_building Siege Workshop |
| 26:34 | [CL]iLoveWeed · wall_segment Palisade Wall x9 |
| 31:38 | [DDocs] Dr.Lehrstuhl · first_building Stable |
| 31:56 | [DDocs] Dr.Lehrstuhl · wall_segment Palisade Wall x1 |
| 34:22 | [CL]iLoveWeed · first_building Castle |
| 36:55 | [CL]iLoveWeed · wall_segment Palisade Wall x1 |
| 38:10 | [CL]iLoveWeed · wall_segment Palisade Wall x1 |
| 39:57 | [DDocs] Dr.Lehrstuhl · first_building Monastery |
| 41:15 | [DDocs] Dr.Lehrstuhl · age_up imperial |
| 43:15 | [DDocs] Dr.Lehrstuhl · first_market_sell 100 wood |
| 47:09 | [CL]iLoveWeed · first_building Monastery |
| 54:58 | [CL]iLoveWeed · wall_segment Palisade Wall x7 |
| 59:31 | [DDocs] Dr.Lehrstuhl · resign |
[ AI ANALYSIS · 1 CREDIT ]
What really happened in this match?
Wolo.gg analyzes every decision: build order, eco, micro, common mistakes by bracket. Personalized analysis on WhatsApp or Discord in 30 seconds.
Civ guide
Vietnamese
Perfil
[CL]iLoveWeed